 Dungeon Crawl Stone Soup version 0.31-a0-803-g95b03c3367 (webtiles) character file.

Game seed: 4355874667692477073

24074 javelincjr the Thaumaturge (level 12, -5/88 HPs)
             Began as a Demonspawn Hedge Wizard on Sept 19, 2023.
             Was an Elder of Sif Muna.
             Slain by a sun demon (9 damage)
             ... in a volcano on Sept 20, 2023.
             The game lasted 01:53:09 (17402 turns).

javelincjr the Thaumaturge (DsHW)                  Turns: 17402, Time: 01:53:09

Health: -5/88      AC: 15    Str:  7    XL:     12   Next: 77%
Magic:  10/25      EV: 15    Int: 31    God:    Sif Muna [****..]
Gold:   911        SH:  0    Dex: 14    Spells: 12/29 levels left

rFire   + . .        n - +0 dagger "Juqeifoc" {heavy, rN+ Str-3 Int+7 SInv}
rCold   . . .        (no shield)
rNeg    + + .        P - +2 robe {Will+}
rPois   .            y - +2 hood of the Assassin {Detect Stab+ Stlth++}
rElec   .            i - +2 cloak
rCorr   .            v - +0 pair of gloves
SInv    +            j - +0 pair of boots
Will    +....        D - amulet of magic regeneration
Stlth   ++++++       C - ring "Seuggiy" {rN+ Int+4 SInv}
HPRegen 0.34/turn    Y - ring of protection from fire
MPRegen 0.59/turn

%: no passive effects
@: freezing walls
A: claws 1, thin metallic scales 2, demonic guardian 3, icemail 1, condensation
shield
a: Renounce Religion, Channel Magic, Forget Spell, Divine Exegesis


You were in a volcano.
You worshipped Sif Muna.
Sif Muna was greatly pleased with you.
You visited 3 branches of the dungeon, and saw 15 of its levels.
You also visited: Ossuary and Volcano.

You collected 911 gold pieces.

Inventory:

Hand Weapons
 l - a +4 trident of draining
 n - the +0 dagger "Juqeifoc" (weapon) {heavy, rN+ Str-3 Int+7 SInv}
   (You took it off a hobgoblin on level 2 of the Dungeon)

   Str-3:     It affects your strength (-3).
   Int+7:     It affects your intelligence (+7).
   rN+:       It protects you from negative energy.
   SInv:      It lets you see invisible.
 q - a +2 dagger of venom
 s - a +3 quarterstaff of chaos
 E - a +1 falchion of flaming
 I - a +5 mace of freezing
 T - a +1 short sword of draining
 X - a +1 vampiric dagger
Missiles
 h - 55 poisoned darts
 F - 2 boomerangs
Armour
 c - a +2 hat
 i - a +2 cloak (worn)
 j - a +0 pair of boots (worn)
 v - a +0 pair of gloves (worn)
 x - +0 steam dragon scales
 y - the +2 hood of the Assassin (worn) {Detect Stab+ Stlth++}
   (You acquired it on level 12 of the Dungeon)

   Detect:    It allows the wearer to sense nearby creatures.
   Stab+:     It allows the wearer to make particularly effective stabbing
   attacks against helpless or unaware enemies with any weapon.
   Stlth++:   It makes you much more stealthy.
 G - an orb of energy
 P - a +2 robe of willpower (worn)
 S - +0 acid dragon scales
Magical Staves
 Z - the staff of Intuition {Str+3 Conj}
   (You found it on level 12 of the Dungeon)

   [staff of conjuration]

   Base accuracy: +5 Base damage: 5 Base attack delay: 1.2 This weapon's minimum
   attack delay (0.6) is reached at skill level 12.
   Str+3:     It affects your strength (+3).
   Conj:      It increases the power of your Conjurations spells.
   It falls into the 'Staves' category.
   It is a one-handed weapon.
Jewellery
 e - a +4 ring of protection
 C - the ring "Seuggiy" (left hand) {rN+ Int+4 SInv}
   (You acquired it on level 12 of the Dungeon)

   [ring of positive energy]

   Int+4:     It affects your intelligence (+4).
   rN+:       It protects you from negative energy.
   SInv:      It lets you see invisible.
 D - an amulet of magic regeneration (around neck)
 K - an amulet of guardian spirit
 N - a +6 ring of dexterity
 V - a ring of wizardry
 Y - a ring of protection from fire (right hand)
Wands
 a - a wand of mindburst (4)
 b - a wand of iceblast (12)
 u - a wand of flame (28)
Scrolls
 f - 2 scrolls of fear
 g - 2 scrolls of fog
 m - 5 scrolls of amnesia
 r - 2 scrolls of summoning
 t - a scroll of torment
 w - 4 scrolls of revelation
 J - 3 scrolls of teleportation
Potions
 d - 3 potions of magic
 k - 9 potions of curing
 o - 4 potions of heal wounds
 p - a potion of mutation {unknown}
 z - 2 potions of brilliance {unknown}
 A - 2 potions of invisibility {unknown}
 B - a potion of haste {unknown}
 H - 4 potions of cancellation {unknown}
 L - a potion of attraction {unknown}
 O - a potion of enlightenment {unknown}
 U - a potion of ambrosia {unknown}
 W - 3 potions of lignification


   Skills:
 + Level 6.2 Fighting
 + Level 5.4 Armour
 + Level 6.8 Dodging
 + Level 7.4 Stealth
 * Level 9.2 Spellcasting
 + Level 7.2 Conjurations
 + Level 7.2 Summonings
 + Level 6.6 Translocations
 + Level 6.9 Invocations
 + Level 5.2 Evocations


You had 12 spell levels left.
You knew the following spells:

 Your Spells              Type           Power      Damage    Failure   Level
a - Magic Dart            Conj           100%       1d8       1%          1
b - Call Imp              Summ           100%       N/A       1%          2
c - Blink                 Tloc           100%       N/A       1%          2
d - Searing Ray           Conj           100%       2d8       1%          2
e - Frozen Ramparts       Ice            28%        1d5       11%         3
f - Fulminant Prism       Conj/Hex       18%        3d11      9%          4
g - Stone Arrow           Conj/Erth      72%        3d11      2%          3

Your spell library contained the following spells:

 Spells                   Type           Power      Damage    Failure   Level
 Dazzling Flash           Conj/Hex       72%        N/A       2%          3
 Slow                     Hex            56%        N/A       3%          1
 Mephitic Cloud           Conj/Pois/Air  29%        N/A       4%          3
 Cigotuvi's Dreadful Rot  Necr/Pois/Air  28%        N/A       5%          2
 Wereblood                Tmut           14%        N/A       5%          2
 Ignite Poison            Fire/Tmut/Pois 14%        N/A       11%         3
 Ozocubu's Armour         Ice            14%        N/A       11%         3
 Dispel Undead            Necr           14%        3d10      34%         4
 Petrify                  Tmut/Erth      14%        N/A       34%         4
 Agony                    Necr           14%        N/A       69%         5
 Metabolic Englaciation   Hex/Ice        7%         N/A       69%         5
 Silence                  Hex/Air        7%         N/A       69%         5
 Leda's Unmaking          Conj/Erth      18%        9d4       77%         6
 Death Channel            Necr           7%         N/A       99%         6
 Ozocubu's Refrigeration  Ice            7%         4d9       100%        7


Dungeon Overview and Level Annotations

Branches:
Dungeon (13/15)            Temple (1/1) D:6            Lair (1/5) D:9
    Orc (0/2) D:12        Ossuary (visited)         Volcano (1/1)
 Vaults: D:13-14

Altars:
Ashenzari
Cheibriados
Dithmenos
Fedhas
Gozag
Hepliaklqana
Kikubaaqudgha
Makhleb
Nemelex Xobeh
Okawaru
Qazlal
Ru
Sif Muna
Trog
Uskayaw
Vehumet
Wu Jian
Xom
Yredelemnul

Shops:
D:13 !


Innate Abilities, Weirdness & Mutations

You have sharp fingernails.
You are mostly covered in thin metallic scales. (AC +3)
A powerful demonic guardian rushes to your aid.
A meltable icy envelope protects you from harm. (AC +0)
A meltable shield of frost defends you. (SH +0)


Message History

Your icy defences dissipate!
You resist.
Casting: Stone Arrow (mildly dangerous; 2% risk of failure)
Confirm with . or Enter, or press ? or * to list all spells.
Aiming: Stone Arrow (mildly dangerous; 2% risk of failure)
Press: ? - help, Shift-Dir - straight line, f/p - sun demon
Aim: a sun demon (severely wounded, 67% to hit)
The stone arrow hits the sun demon!
The sun demon is severely wounded.
The wall freezes the sun demon but does no damage.
The sun demon hits you!
You are engulfed in flames.
You resist.
The wall freezes the sun demon but does no damage.
The sun demon hits you!
* * * LOW HITPOINT WARNING * * *
You are engulfed in flames!
You resist.
* * * LOW HITPOINT WARNING * * *
Casting: Stone Arrow (mildly dangerous; 2% risk of failure)
Confirm with . or Enter, or press ? or * to list all spells.
You don't know that spell.
There are no items here.
Casting: Stone Arrow (mildly dangerous; 2% risk of failure)
Confirm with . or Enter, or press ? or * to list all spells.
Aiming: Stone Arrow (mildly dangerous; 2% risk of failure)
Press: ? - help, Shift-Dir - straight line, f/p - sun demon
Aim: a sun demon (severely wounded, 67% to hit)
The stone arrow hits the sun demon.
The sun demon is almost dead.
The wall freezes the sun demon but does no damage.
The sun demon closely misses you.
Casting: Stone Arrow (mildly dangerous; 2% risk of failure)
Confirm with . or Enter, or press ? or * to list all spells.
Aiming: Stone Arrow (mildly dangerous; 2% risk of failure)
Press: ? - help, Shift-Dir - straight line, f/p - sun demon
Aim: a sun demon (black smoke, almost dead, 67% to hit)
The stone arrow misses the sun demon.
The wall freezes the sun demon but does no damage.
The sun demon hits you!
* * * LOW HITPOINT WARNING * * *
A demonic guardian appears!
You are engulfed in flames!
You resist.
You die...

#..§...................
#...§§#.....##.........
#..§#......#####.......
##.#≈.#...## #.......
#..#.##### ##..#...
#....# ####### ##...#
#...## ##..@##
#...3########
##.§§2..8..8#..§
##...§.....'..§
##...§....'..§
##...8..8#..≈ #########
..


You could see a sun demon (ally target) and a friendly reaper (summoned).

Vanquished Creatures
  2 centaur warriors (D:13)
  A two-headed ogre (D:13)
  2 sun demons (Volcano)
  3 skeletal warriors (D:13)
  3 cyclopes
  An ugly thing (D:13)
  3 centaur skeletons (D:13)
  Jeremiah (D:6)
  2 unseen horrors
  A troll (D:11)
  Grinder (D:3)
  A wraith (D:12)
  12 yaks
  10 steam dragons
  A warg (D:12)
  3 acid dragons
  Duvessa (D:7)
  An orc warrior (D:11)
  A sky beast (D:7)
  A black bear (D:5)
  4 ogres
  3 wolves (D:9)
  A boggart (D:13)
  7 centaurs
  2 phantoms
  2 elf zombies (D:4)
  2 bullfrogs
  3 kobold brigands
  An elf skeleton (D:4)
  A scorpion (D:6)
  2 wights (D:6)
  Dowan (D:7)
  6 killer bees
  4 electric eels (D:9)
  9 howler monkeys
  3 centaur zombies (Ossuary)
  5 hounds
  3 jellies
  5 orc priests
  A sleepcap (D:4)
  Ijyb (D:3)
  15 orc wizards
  4 mummies (Ossuary)
  7 gnolls
  2 adders (D:2)
  A white imp (D:6)
  An ufetubus (D:5)
  A worm (D:2)
  2 dart slugs
  33 orcs
  6 endoplasms
  4 giant cockroaches
  6 goblins
  16 hobgoblins
  6 jackals
  3 quokkas
  12 ball pythons
  10 bats
  6 frilled lizards
  3 hobgoblin zombies (Ossuary)
  19 kobolds
  An orc skeleton (D:4)
  7 rats
282 creatures vanquished.

Vanquished Creatures (collateral kills)
  A fire dragon (Volcano)
  An ogre mage (D:13)
  2 skeletal warriors (D:13)
  An ugly thing (D:12)
  A manticore (D:12)
  2 cyclopes
  A smoke demon (Volcano)
  A kobold demonologist (D:13)
  2 trolls
  Prince Ribbit (D:8)
  2 wraiths
  5 yaks
  2 steam dragons
  An acid dragon (D:9)
  A water moccasin (Lair:1)
  2 orc warriors
  A sky beast (D:7)
  An ogre (D:6)
  A wolf (D:9)
  A centaur (D:12)
  A kobold brigand (D:13)
  An elf zombie (D:4)
  A scorpion (Lair:1)
  5 wights
  2 howler monkeys
  2 centaur zombies (Ossuary)
  4 orc priests (D:12)
  2 hounds (D:4)
  A human zombie (D:4)
  A jelly (D:8)
  Crazy Yiuf (D:3)
  An orc wizard (D:12)
  A boggart skeleton (D:13)
  2 mummies (Ossuary)
  4 gnolls
  A worm (D:4)
  16 orcs
  A giant cockroach (D:4)
  A jackal (D:5)
  A ball python (D:4)
  A goblin (D:4)
  A kobold (D:4)
81 creatures vanquished.

Vanquished Creatures (others)
  A hound (D:9)
  2 kobolds (D:13)
  37 fulminant prisms
40 creatures vanquished.

Grand Total: 403 creatures vanquished

Notes
Turn   | Place    | Note
-------+----------+-------------------------------------------
     0 | D:1      | javelincjr the Demonspawn Hedge Wizard began the quest for
                  | the Orb.
     0 | D:1      | Reached XP level 1. HP: 13/13 MP: 4/4
    87 | D:1      | Reached skill level 1 in Translocations
   123 | D:1      | Gained mutation: A meltable shield of frost defends you.
                  | (SH +0) [demonic ancestry]
   123 | D:1      | Reached XP level 2. HP: 10/19 MP: 0/6
   645 | D:1      | Reached XP level 3. HP: 21/24 MP: 0/7
  1896 | D:2      | Identified the +0 dagger "Juqeifoc" {heavy, rN+ Str-3 Int+7
                  | SInv}
  1936 | D:2      | Gained mutation: A weak demonic guardian rushes to your
                  | aid. [demonic ancestry]
  1936 | D:2      | Reached XP level 4. HP: 30/30 MP: 0/8
  2483 | D:2      | Learned a level 2 spell: Call Imp
  2486 | D:2      | Learned a level 2 spell: Blink
  2878 | D:3      | Gained mutation: A meltable icy envelope protects you from
                  | harm. (AC +0) [demonic ancestry]
  2878 | D:3      | Reached XP level 5. HP: 35/35 MP: 1/10
  2976 | D:3      | Found a runed translucent door.
  2977 | D:3      | Noticed Crazy Yiuf
  2987 | D:3      | Killed Crazy Yiuf
  3487 | D:3      | Noticed Ijyb
  3500 | D:3      | Killed Ijyb
  3574 | D:3      | Noticed Grinder
  3580 | D:3      | Paralysed by Grinder for 2 turns
  3588 | D:3      | Paralysed by Grinder for 4 turns
  3603 | D:3      | Paralysed by Grinder for 4 turns
  3609 | D:3      | Killed Grinder
  3610 | D:3      | Gained mutation: A demonic guardian rushes to your aid.
                  | [demonic ancestry]
  3610 | D:3      | Reached XP level 6. HP: 23/41 MP: 0/11
  3983 | D:4      | Reached skill level 4 in Spellcasting
  4077 | D:4      | Gained mutation: A powerful demonic guardian rushes to your
                  | aid. [demonic ancestry]
  4077 | D:4      | Reached XP level 7. HP: 35/46 MP: 3/13
  4160 | D:4      | Found a sand-covered staircase.
  4184 | Ossuary  | Entered an ossuary
  4643 | Ossuary  | Gained mutation: You are partially covered in thin metallic
                  | scales. (AC +2) [demonic ancestry]
  4643 | Ossuary  | Reached XP level 8. HP: 52/52 MP: 2/14
  5014 | D:4      | Found a burning altar of Makhleb.
  5250 | D:4      | Learned a level 2 spell: Searing Ray
  5417 | D:4      | Found a shadowy altar of Dithmenos.
  5471 | D:5      | Entered Level 5 of the Dungeon
  5820 | D:5      | Reached skill level 1 in Fighting
  5913 | D:5      | Found an iron altar of Okawaru.
  5949 | D:5      | Reached skill level 1 in Armour
  6084 | D:5      | Reached skill level 5 in Spellcasting
  6659 | D:6      | Gained mutation: You are mostly covered in thin metallic
                  | scales. (AC +3) [demonic ancestry]
  6659 | D:6      | Reached XP level 9. HP: 58/61 MP: 17/17
  6707 | D:6      | Found a staircase to the Ecumenical Temple.
  6727 | Temple   | Entered the Ecumenical Temple
  6759 | Temple   | Became a worshipper of Sif Muna the Loreminder
  6816 | D:6      | Noticed Jeremiah
  6842 | D:6      | Killed Jeremiah
  7011 | D:6      | Reached skill level 5 in Stealth
  7147 | D:6      | Reached skill level 1 in Invocations
  7197 | D:6      | Found a bloodstained altar of Trog.
  7197 | D:6      | Found an ornate altar of the Wu Jian Council.
  7511 | D:7      | Reached skill level 6 in Spellcasting
  7511 | D:7      | Reached skill level 1 in Evocations
  7533 | D:7      | Reached skill level 5 in Conjurations
  7533 | D:7      | Reached skill level 5 in Summonings
  7706 | D:7      | Reached skill level 5 in Dodging
  7914 | D:7      | Noticed Duvessa
  7914 | D:7      | Noticed Dowan
  7928 | D:7      | Killed Duvessa
  7929 | D:7      | Gained mutation: You have sharp fingernails. [demonic
                  | ancestry]
  7929 | D:7      | Reached XP level 10. HP: 27/70 MP: 15/19
  7940 | D:7      | Killed Dowan
  8104 | D:7      | Found a sacrificial altar of Ru.
  8464 | D:8      | Reached * piety under Sif Muna
  8516 | D:8      | Learned a level 3 spell: Frozen Ramparts
  8516 | D:8      | Noticed Prince Ribbit
  8524 | D:8      | Killed Prince Ribbit
  9233 | D:9      | Reached skill level 5 in Translocations
  9467 | D:9      | Reached skill level 7 in Spellcasting
  9611 | D:9      | Found a staircase to the Lair.
 10343 | D:9      | Reached ** piety under Sif Muna
 10350 | D:9      | Found a basalt altar of Yredelemnul.
 10548 | D:9      | Found a shimmering altar of Xom.
 10592 | D:9      | Found a broken altar of Ashenzari.
 10911 | D:10     | Entered Level 10 of the Dungeon
 12029 | D:11     | Reached XP level 11. HP: 46/78 MP: 22/22
 12139 | D:11     | Learned a level 4 spell: Fulminant Prism
 13300 | D:12     | Identified the staff of Intuition {Str+3 Conj}
 13324 | D:12     | Noticed a red ugly thing
 13339 | D:12     | Killed a red ugly thing
 13673 | D:12     | Reached *** piety under Sif Muna
 13934 | D:12     | Reached skill level 5 in Invocations
 14147 | D:12     | Found a staircase to the Orcish Mines.
 14230 | D:12     | Reached skill level 5 in Fighting
 14498 | D:12     | Found a sacrificial altar of Ru.
 14612 | D:12     | Identified 2 scrolls of acquirement
 14612 | D:12     | Acquired the +2 hood of the Assassin {Detect Stab+ Stlth++}
 14612 | D:12     | Found the +2 hood of the Assassin {Detect Stab+ Stlth++}
 14624 | D:12     | Acquired the ring "Seuggiy" {rN+ Int+4 SInv}
 14833 | D:13     | Got a fuliginous book
 14838 | D:13     | Learned a level 3 spell: Stone Arrow
 14859 | D:13     | Noticed a skeletal warrior
 14859 | D:13     | Noticed a skeletal warrior
 14887 | D:13     | Killed a skeletal warrior
 14888 | D:13     | Reached skill level 8 in Spellcasting
 14897 | D:13     | Noticed a skeletal warrior
 14897 | D:13     | Noticed a skeletal warrior
 15288 | D:13     | Found Azengam's Distillery.
 15297 | D:13     | Noticed a green ugly thing
 15301 | D:13     | Killed a green ugly thing
 15637 | D:13     | Killed a skeletal warrior
 15917 | D:13     | Noticed a centaur warrior
 15938 | D:13     | Killed a centaur warrior
 16025 | D:13     | Noticed a two-headed ogre
 16036 | D:13     | Killed a two-headed ogre
 16037 | D:13     | Reached XP level 12. HP: 86/86 MP: 11/24
 16070 | D:13     | Noticed a centaur warrior
 16083 | D:13     | Killed a centaur warrior
 16105 | D:13     | Reached **** piety under Sif Muna
 16118 | D:13     | Noticed an ogre mage
 16131 | D:13     | Killed an ogre mage
 16313 | D:13     | Reached skill level 5 in Armour
 16669 | Lair:1   | Entered Level 1 of the Lair of Beasts
 16706 | Lair:1   | Reached skill level 5 in Evocations
 16720 | Lair:1   | Found a dark tunnel.
 16729 | Volcano  | Entered a volcano
 16751 | Volcano  | Upgraded the game from 0.31-a0-799-g6bc09d010c to
                  | 0.31-a0-803-g95b03c3367
 16947 | Volcano  | Reached skill level 9 in Spellcasting
 17203 | Volcano  | Noticed a fire dragon
 17219 | Volcano  | Killed a fire dragon
 17402 | Volcano  | HP: 4/88 [sun demon (15)]
 17402 | Volcano  | Slain by a sun demon

Illustrated notes

Levels and vault maps discovered:
D:1:      ebering_hopf_link, layout_basic
D:2:      layout_rooms, minmay_pentomino_w2
D:3:      layout_loops_ring, overflow_temple_1_default, uniq_ijyb, uniq_grinder,
          uniq_crazy_yiuf_cottage
D:4:      layout_cave_pools, mainiacjoe_overflow_concentric_impassable,
          lemuel_round_altar, nicolae_ossuary_entry_catacombs
D:5:      layout_loops_ring, lemuel_tele_altar, serial_bayou,
          serial_bayou_lagoon_b, serial_bayou_shore_b, serial_bayou_pond_e,
          serial_bayou_lagoon_a, serial_bayou_pond_c, minmay_misc_feat_alley
D:6:      layout_basic, amethyst_overflow_temple_binary,
          minmay_temple_entry_mini_moons, uniq_menkaure, uniq_jeremiah
D:7:      minmay_spotlight, layout_loops_ring, mainiacjoe_overflow_paths,
          uniq_duvessa
D:8:      layout_loops_ring, uniq_prince_ribbit1
D:9:      layout_loops_corners, dk_xom_monty_hall, marbit_many_paths,
          ashenzari_altar_1, erik_lair_island
D:10:     layout_cave_pods, hex_large
D:11:     layout_layer_cave, lemuel_flamethrower_2
D:12:     layout_roguey, erik_orc_4, minivault_19,
          nicolae_ru_the_path_less_chosen
D:13:     layout_basic, hangedman_vaults_entry_quadrant_bands, serial_shops,
          nicolae_shop_industrial_runoff, kennysheep_generic_room_3
Temple:   hellmonk_temple_forest_ring
Lair:1:   layout_chaotic_city, enter_volcano_1, grunt_megastairs_4
Volcano:  hellmonk_smoking_crater

Skill      XL: |  1  2  3  4  5  6  7  8  9 10 11 12 |
---------------+-------------------------------------+-----
Translocations | 1 2 3 4 5 6 |  6.6
Dodging        | 2 3 4 5 6 |  6.8
Stealth        | 2 3 4 5 6 7 |  7.4
Summonings     | 2 3 4 5 6 7 |  7.2
Conjurations   | 2 3 4 5 6 7 |  7.2
Spellcasting   | 4 5 6 7 8 9 |  9.2
Fighting       | 2 3 4 5 6 |  6.2
Armour         | 1 2 3 4 5 |  5.4
Invocations    | 2 4 5 6 |  6.9
Evocations     | 1 3 4 5 |  5.2

Action                     |  1- 3 |  4- 6 |  7- 9 | 10-12 || total
---------------------------+-------+-------+-------+-------++-------
  Melee: Dagger            |   102 |    60 |   170 |   222 ||   554
         Punch             |       |       |     5 |     1 ||     6
   Cast: Magic Dart        |   121 |   113 |   151 |   153 ||   538
         Call Imp          |       |    12 |    56 |    71 ||   139
         Searing Ray       |       |       |    38 |    57 ||    95
         Blink             |       |       |       |     1 ||     1
         Stone Arrow       |       |       |       |   114 ||   114
         Frozen Ramparts   |       |       |       |    42 ||    42
         Fulminant Prism   |       |       |       |    37 ||    37
 Invoke: Channel Magic     |       |       |       |     2 ||     2
    Use: Scroll            |       |       |     4 |    16 ||    20
         Potion            |       |       |       |     1 ||     1
   Stab: Distracted        |       |     1 |       |     1 ||     2
         Sleeping          |       |       |     1 |     2 ||     3
 Armour: Robe              |    86 |    60 |   184 |   447 ||   777
  Dodge: Dodged            |    87 |    56 |   162 |   369 ||   674
  Block: Other             |    25 |    10 |    38 |       ||    73
         Orb               |       |       |     5 |    75 ||    80

Table legend: (Time is in decaauts)
 A = Elapsed time spent in this place.
 B = Non-inter-level travel time spent in this place.
 C = Inter-level travel time spent in this place.
 D = Time resting spent in this place.
 E = Time spent auto-exploring this place.
 F = Levels seen in this place.
 G = Mean time per level.
                   A        B        C        D        E       F      G
               +--------+--------+--------+--------+--------+-----+--------+
         Total |  17702 |  17142 |    560 |   1461 |  11660 |  17 | 1041.3 |
       Dungeon |  16287 |  15745 |    542 |   1217 |  11063 |  13 | 1252.8 |
        Temple |     59 |     41 |     18 |      0 |      0 |   1 |   59.0 |
          Lair |     63 |     63 |      0 |      0 |      0 |   1 |   63.0 |
       Ossuary |    605 |    605 |      0 |      0 |    446 |   1 |  605.0 |
       Volcano |    685 |    685 |      0 |    244 |    151 |   1 |  685.0 |
               +--------+--------+--------+--------+--------+-----+--------+

Top non-repeatable levels by time:
    D:12: 1892 daAuts
     D:9: 1784 daAuts
     D:1: 1653 daAuts
    D:11: 1544 daAuts
    D:13: 1462 daAuts
     D:3: 1142 daAuts
     D:4: 1121 daAuts
     D:2: 1103 daAuts
     D:5: 1095 daAuts
     D:7: 1043 daAuts
    D:10: 927 daAuts
     D:8: 800 daAuts
     D:6: 716 daAuts
 Volcano: 685 daAuts
 Ossuary: 605 daAuts
